 Dungeon Crawl Stone Soup version 0.16-a0-2914-g4ae3da0 (webtiles) character file.

574 kroki the Merchant of Misery (level 7, -6/45 (50) HPs)
             Began as a Ghoul Necromancer on Nov 29, 2014.
             Was a Believer of Kikubaaqudgha.
             Shot with an arrow by a centaur (10 damage)
             ... on level 6 of the Dungeon on Dec 1, 2014.
             The game lasted 00:25:10 (5654 turns).

kroki the Merchant of Misery (Ghoul Necromancer)    Turns: 5654, Time: 00:25:11

HP:   -6/45 (50)    AC:  2    Str: 12    XL:     7   Next: 34%
MP:   8/8           EV: 11    Int: 12    God:    Kikubaaqudgha [**....]
Gold: 298           SH:  2    Dex:  9    Spells: 3 memorised, 4 levels left

rFire  . . .     SeeInvis .     m - +0 dagger (venom)
rCold  + . .     Clarity  .     a - +0 robe
rNeg   + + +     SustAb   .     r - +0 buckler
rPois  ∞         Gourm    .     (no helmet)
rElec  .         Spirit   .     (no cloak)
rCorr  .         Warding  .     (no gloves)
rMut   .         Stasis   .     (no boots)
MR     .....                    (no amulet)
Stlth  ++........               (no ring)
                                (no ring)

@: rotting, not resistant to hostile enchantments, unstealthy
A: rotting body, claws 1, carnivore 3, cold resistance 1, negative energy
resistance 3, poison resistance, slow healing 1, torment resistance, unbreathing
a: Receive Corpses, Renounce Religion


You were on level 6 of the Dungeon.
You worshipped Kikubaaqudgha.
Kikubaaqudgha was pleased with you.
You were very hungry.

You visited 1 branch of the dungeon, and saw 6 of its levels.

You collected 298 gold pieces.

Inventory:

Hand weapons
 h - a +1 spear
   (You found it on level 1 of the Dungeon)
 m - a +0 dagger of venom (weapon)
   (You found it on level 2 of the Dungeon)
 D - a +0 blowgun
   (You took it off a kobold on level 5 of the Dungeon)
Missiles
 x - a throwing net (quivered) {!f}
 C - 8 curare-tipped needles {!f}
Armour
 a - a +0 robe (worn)
 r - a +0 buckler (worn)
   (You found it on level 3 of the Dungeon)
Jewellery
 d - an uncursed ring of ice
   (You found it on level 2 of the Dungeon)
 j - an uncursed ring of positive energy
   (You found it on level 1 of the Dungeon)
 k - an uncursed ring of positive energy
   (You found it on level 2 of the Dungeon)
Magical devices
 o - a wand of polymorph (15)
   (You found it on level 4 of the Dungeon)
Scrolls
 f - a scroll of remove curse
 g - a scroll of enchant weapon
 t - 2 scrolls of blinking
 v - a scroll of immolation
 y - 2 scrolls of identify
Potions
 e - 2 potions of might
 l - a potion of heal wounds
 q - a potion of poison
 u - a potion of resistance
 w - a potion of invisibility
 z - a potion of agility {unknown}
 A - a potion of cancellation
Books
 b - a book of Necromancy
 p - Kikubaaqudgha's Papyrus of Unholy Arts
   (Kikubaaqudgha gifted it to you on level 3 of the Dungeon)

   Spells                             Type                      Level
   a - Animate Skeleton               Necromancy                   1
   b - Pain                           Necromancy                   1
   c - Corpse Rot                     Necromancy                   2
   d - Regeneration                   Charms/Necromancy            3
   e - Control Undead                 Necromancy                   4
Comestibles
 c - 2 royal jellies
 n - 3 meat rations
 s - a beef jerky


   Skills:
 - Level 1.7 Dodging
 - Level 2.1 Stealth
 - Level 1.7 Spellcasting
 + Level 8.7 Necromancy


You had 4 spell levels left.
You knew the following spells:

 Your Spells              Type           Power        Failure   Level  Hunger
a - Pain                  Necr           ###.         1%          1    ##.....
b - Vampiric Draining     Necr           ###.......   2%          3    ####...
z - Animate Skeleton      Necr           N/A          1%          1    ##.....


Innate Abilities, Weirdness & Mutations

Your body is rotting away.
You thrive on raw meat.
You have sharp fingernails.
You are carnivorous and can eat meat at any time.
Your flesh is cold resistant.
You are immune to negative energy.
Your system is resistant to poisons.
You heal slowly when monsters are visible.
You are immune to unholy pain and torment.
You can survive without breathing.

Dungeon Overview and Level Annotations

Branches:
Dungeon (6/15)
 Temple: D:4-7

Altars:
Dithmenos
Kikubaaqudgha

Annotations:
D:2 Terence

.....###.. ####[......
#........ #....#...<.
.#...###....
##########.#..## #.#.#
##...#..............#.#
##.........#.....###
..# #...c..@.(......#
.## #..[........##### .
#...........# ..
##.........#..$ .
##...#...###...
######### ###


You could see a centaur.


Message History

You take 4 damage.
You hit the centaur zombie. The centaur zombie hits you!
You take 8 damage.
You barely miss the centaur zombie. The centaur zombie hits you.
* * * LOW HITPOINT WARNING * * *
The centaur zombie hits you.
* * * LOW HITPOINT WARNING * * *
You take 9 damage.
You are too injured to fight recklessly!
You are too injured to fight recklessly!
You are too injured to fight recklessly!
Read which item? (? for menu, Esc to quit)
As you read the scroll of teleportation, it crumbles to dust.
You feel strangely unstable. The centaur zombie hits you.
* * * LOW HITPOINT WARNING * * *
You take 1 damage.
Your surroundings suddenly seem different.
Found a scale mail.
A centaur comes into view.
The centaur shouts!
The centaur wields a shortbow.
The centaur shoots an arrow.
The arrow hits you.
* * * LOW HITPOINT WARNING * * *
You see here an arrow.
You take 3 damage.
The centaur shoots an arrow.
The arrow hits you.
* * * LOW HITPOINT WARNING * * *
You take 6 damage.
The centaur shoots an arrow.
The arrow hits you!
You die...
Kikubaaqudgha rasps: "You have failed me!
Welcome... oblivion!"

Notes
Turn   | Place    | Note
--------------------------------------------------------------
     0 | D:1      | kroki, the Ghoul Necromancer, began the quest for the Orb.
     0 | D:1      | Reached XP level 1. HP: 14/14 MP: 2/2
   134 | D:1      | Reached XP level 2. HP: 17/20 MP: 0/3
   155 | D:1      | Learned a level 1 spell: Animate Skeleton
   253 | D:1      | RobertPalmer: Animate Dead/Simulac helps a little
   263 | D:1      | RobertPalmer: simulac is better
   265 | D:1      | kroki: thanks
   265 | D:1      | RobertPalmer: but i also have glaciate and fire storm lol
   265 | D:1      | kroki: yeah thought so
   268 | D:1      | kroki: damn fucking lags
   268 | D:1      | RobertPalmer: can't get by without strong evoc in there
   268 | D:1      | RobertPalmer: yeah?
   268 | D:1      | kroki: i hate lags in webtiles
   349 | D:1      | RobertPalmer: i'm glad there's an EU server now at least
   349 | D:1      | kroki: yeah, i am trying to get all races win
   349 | D:1      | kroki: ghouls, mummies, felids and octopodes left
   349 | D:1      | kroki: whats your advice on octopodes
   420 | D:2      | Noticed Jessica
   691 | D:2      | Found an ancient bone altar of Kikubaaqudgha.
   708 | D:2      | kroki: d2 kiku altar good
   717 | D:2      | Became a worshipper of Kikubaaqudgha
   729 | D:2      | Noticed Terence
   777 | D:1      | kroki: fucking holy wrath mace thanks for auto id enemy weapons
   835 | D:2      | Reached skill level 5 in Necromancy
   835 | D:2      | Reached XP level 3. HP: 22/26 MP: 0/5
   931 | D:2      | Killed Jessica
  1287 | D:2      | Reached XP level 4. HP: 24/32 MP: 1/5
  1292 | D:2      | Learned a level 3 spell: Vampiric Draining
  1486 | D:2      | Noticed Ijyb
  1507 | D:2      | Killed Ijyb
  1775 | D:3      | Acquired Kikubaaqudgha's first power
  1775 | D:3      | Received a gift from Kikubaaqudgha
  1786 | D:3      | Identified Kikubaaqudgha's Papyrus of Unholy Arts (Kikubaaqudgha gifted it to you on level 3 of the Dungeon)
  1843 | D:3      | Reached skill level 6 in Necromancy
  1974 | D:3      | Reached XP level 5. HP: 27/38 MP: 4/6
  2858 | D:4      | Reached skill level 7 in Necromancy
  2858 | D:4      | Reached XP level 6. HP: 32/43 MP: 4/8
  2871 | D:4      | Found a shadowy altar of Dithmenos.
  2909 | D:4      | Upgraded the game from 0.16-a0-2844-g9b01c91 to 0.16-a0-2914-g4ae3da0
  2912 | D:4      | Acquired Kikubaaqudgha's second power
  3439 | D:5      | Entered Level 5 of the Dungeon
  3446 | D:5      | Reached skill level 8 in Necromancy
  3565 | D:5      | Reached XP level 7. HP: 28/49 MP: 5/8
  5654 | D:6      | Shot with an arrow by a centaur

Vanquished Creatures
  A scorpion (D:4)
  A worker ant (D:4)
  An iguana (D:4)
  Ijyb (D:2)
  Jessica (D:2)
  7 adders
  6 gnolls
  A shadow imp (D:5)
  2 giant geckos
  7 orcs
  8 bats
  10 goblins
  5 hobgoblins
  16 jackals
  15 kobolds
  6 giant newts
  A jackal zombie (D:5)
  3 rats
92 creatures vanquished.

Vanquished Creatures (collateral kills)
  An ogre (D:5)
  A big kobold (D:5)
  A scorpion (D:4)
  An orc wizard (D:4)
  A worker ant (D:3)
  A hound skeleton (D:4)
  2 adders (D:5)
  5 gnolls
  An ooze (D:2)
  An orc (D:4)
  2 bats
  A bat skeleton (D:5)
  A hobgoblin (D:3)
  4 jackals
  A quokka (D:5)
  3 kobolds (D:5)
27 creatures vanquished.

Vanquished Creatures (others)
  An ogre skeleton (D:5)
  2 adder skeletons
  An iguana skeleton (D:4)
  A giant newt skeleton (D:3)
  2 gnoll skeletons (D:4)
  A goblin skeleton (D:2)
  6 jackal skeletons
  3 kobold skeletons
  2 orc skeletons (D:3)
  A rat skeleton (D:3)
20 creatures vanquished.

Grand Total: 139 creatures vanquished

Action                   |  1- 3 |  4- 6 |  7- 9 || total
-------------------------+-------+-------+-------++-------
Melee: Unarmed           |    11 |       |       ||    11
       Spear             |    27 |       |       ||    27
       Dagger            |       |   187 |   104 ||   291
 Cast: Pain              |    40 |    31 |       ||    71
       Animate Skeleton  |     5 |    26 |     7 ||    38
       Vampiric Draining |       |     3 |       ||     3
  Use: Scroll            |     5 |     8 |     1 ||    14
       Potion            |     4 |       |       ||     4
 Stab: Distracted        |       |     1 |     1 ||     2
       Sleeping          |       |     1 |       ||     1
  Eat: Chunk             |     4 |    31 |     8 ||    43

Vault maps used:
D:1:      ncdulo_wetmaze, minmay_crystal_water
D:2:      kiku_gazebo_garden_becter, first_bread, st_stairs_12,
          serial_bayou_ford_a, uniq_terence, uniq_iyjb, uniq_jessica
D:4:      grunt_dithmenos_smoke_and_mirrors, gammafunk_temple_overflow_wave,
          serial_bayou_pond_c
D:5:      grunt_decor_fettered
